 Dungeon Crawl Stone Soup version 0.18-a0-1126-ga2d7f46 (webtiles) character file.

743 namelastname112 the Cudgeler (level 7, -3/58 (60) HPs)
             Began as a White Draconian Wanderer on Jan 21, 2016.
             Was a Follower of Pakellas.
             Slain by a sky beast (4 damage)
             ... on level 5 of the Dungeon.
             The game lasted 00:09:03 (5043 turns).

namelastname112 the Cudgeler (DrWn)                 Turns: 5043, Time: 00:09:03

HP:   -3/58 (60)    AC:  7    Str: 11    XL:     7   Next: 47%
MP:   10/10         EV: 13    Int: 17    God:    Pakellas [*.....]
Gold: 36            SH:  0    Dex: 14    Spells: 0 memorised, 8 levels left

rFire  . . .     SeeInvis .     a - +2 hand crossbow
rCold  + . .     Gourm    .     (armour unavailable)
rNeg   . . .     Faith    .     (no shield)
rPois  .         Spirit   .     (helmet restricted)
rElec  .         Dismiss  .     J - +0 cloak
rCorr  .         Reflect  .     (no gloves)
SustAt .         Harm     .     (no boots)
MR     .....                    (no amulet)
Stlth  ++........               (no ring)
                                C - +3 ring of intelligence

@: lethally poisoned (-3 -> -10), short of breath, flying, hasted, very quick,
not resistant to hostile enchantments, unstealthy
A: breathe frost, unfitting armour, cold resistance 1, cold-blooded, AC +6
a: Breathe Frost, Quick Charge, Renounce Religion


You were on level 5 of the Dungeon.
You worshipped Pakellas.
Pakellas was aware of your devotion.
You were not hungry.

You visited 1 branch of the dungeon, and saw 5 of its levels.

You collected 196 gold pieces.
You spent 160 gold pieces at shops.

Inventory:

Hand Weapons
 a - a +2 hand crossbow (weapon)
 e - a +0 whip
 x - a +0 rapier of protection
Missiles
 b - 35 bolts (quivered)
Armour
 J - a +0 cloak (worn)
Magical Staves
 o - an uncursed staff of conjuration
Jewellery
 z - an uncursed ring of resist corrosion {unknown}
 C - a +3 ring of intelligence (left hand)
Wands
 j - a wand of enslavement (2/24)
 s - a wand of confusion (13/48)
 I - a wand of polymorph (10/24)
Scrolls
 d - 3 scrolls of teleportation
 i - 3 scrolls of amnesia {unknown}
 m - 2 scrolls of remove curse {unknown}
 n - a scroll of fog {unknown}
 r - 6 scrolls of identify {unknown}
 u - a scroll of immolation {unknown}
 w - a scroll of enchant armour {unknown}
 y - 2 scrolls of magic mapping {unknown}
 B - a scroll of enchant weapon {unknown}
 G - a scroll of noise {unknown}
 H - a scroll of holy word {unknown}
Potions
 h - a potion of might {unknown}
 l - a potion of cancellation {unknown}
 t - a potion of heal wounds {unknown}
 v - a potion of lignification {unknown}
 A - a potion of agility
 D - a potion of haste
 F - 2 potions of berserk rage {unknown}
Books
 c - the Incunabulum of Scorching Blows and Bruises

   Spells                             Type                      Level
   a - Flame Tongue                   Conjuration/Fire             1
   b - Throw Flame                    Conjuration/Fire             2
Comestibles
 f - 2 bread rations
 g - a beef jerky
 k - a meat ration
 p - 4 fruits


   Skills:
 + Level 4.7 Fighting
 * Level 4.8 Maces & Flails
 - Level 1.0 Crossbows
 + Level 2.5 Dodging
 - Level 1.0 Stealth
 - Level 1.0 Spellcasting
   Level 1.0 Charms
   Level 2.4 Fire Magic
 * Level 4.2 Evocations


You had 8 spell levels left.
You didn't know any spells.

Dungeon Overview and Level Annotations

Branches:
Dungeon (5/15)
 Temple: D:4-7

Altars:
Ashenzari
Dithmenos
Pakellas
Ru

Shops:
D:4 *   D:5 ?


Innate Abilities, Weirdness & Mutations

You can breathe waves of freezing cold.
You can buffet flying creatures when you breathe cold.
Your icy white scales are hard (AC +6).
Your body does not fit into most forms of armour.
Your flesh is cold resistant.
You are cold-blooded and may be slowed by cold attacks.


Message History

* * * LOW HITPOINT WARNING * * *
Something shocks you.
* * * LOW HITPOINT WARNING * * *
Evoke which item? (* to show all) (? for menu, Esc to quit)
Zapping:
j - a wand of enslavement (3/24)
Press: ? - help, Shift-Dir - straight line Nothing appears to happen.
This wand has 2 charges left.
* * * LOW HITPOINT WARNING * * *
You feel sick. Something barely misses you.
Drink which item? (? for menu, Esc to quit)
It was a potion of flight.
You feel very buoyant.
You fly up into the air.
* * * LOW HITPOINT WARNING * * *
You feel sick. Something completely misses you.
Drink which item? (? for menu, Esc to quit)
It was a potion of haste.
You feel yourself speed up.
* * * LOW HITPOINT WARNING * * *
You feel sick. Something hits you.
You die...

#.....##....
#.....##....
#...........
#...........
#...........
#...........
#...........
#########...........
#..@{(≈.............
#.#######...........
# #.####......
#.####......
#.#.........
#....(......
#...........
#...........
#.....#####.


There were no monsters in sight!

Vanquished Creatures
  Eustachio (D:4)
  A necrophage (D:5)
  A scorpion (D:5)
  2 crimson imps (D:5)
  3 hounds
  3 worker ants (D:4)
  Robin (D:3)
  3 gnolls (D:4)
  6 adders
  2 oozes (D:2)
  4 worms
  4 giant geckos
  6 orcs
  3 giant cockroaches
  14 goblins
  10 hobgoblins
  6 jackals
  2 quokkas
  A ball python (D:2)
  8 bats
  2 giant newts
  6 kobolds (D:1)
  A quokka skeleton (D:4)
  5 rats (D:1)
95 creatures vanquished.

Vanquished Creatures (others)
  A scorpion (D:5)
1 creature vanquished.

Grand Total: 96 creatures vanquished

Notes
Turn   | Place    | Note
--------------------------------------------------------------
     0 | D:1      | namelastname112 the Draconian Wanderer began the quest for the Orb.
     0 | D:1      | namelastname112 set off with: a +2 hand crossbow, 26 bolts, the Incunabulum of Scorching Blows and Bruises, a scroll of teleportation, a bread ration
     0 | D:1      | Reached XP level 1. HP: 17/17 MP: 2/2
   156 | D:1      | Reached XP level 2. HP: 22/25 MP: 3/3
   270 | D:1      | Reached skill level 1 in Maces & Flails
   797 | D:1      | Reached XP level 3. HP: 31/31 MP: 4/4
  1012 | D:2      | You fall through a shaft!
  1480 | D:2      | Reached XP level 4. HP: 38/38 MP: 5/5
  1891 | D:3      | Found a sacrificial altar of Ru.
  2070 | D:3      | Noticed Robin
  2096 | D:3      | Reached skill level 1 in Dodging
  2114 | D:3      | Killed Robin
  2443 | D:3      | Found an oddly glowing altar of Pakellas.
  2512 | D:3      | Became a worshipper of Pakellas the Inventive
  2974 | D:3      | Noticed a giant frog
  3041 | D:3      | Reached XP level 5. HP: 33/46 MP: 6/6
  3406 | D:4      | Found a shadowy altar of Dithmenos.
  3463 | D:4      | Reached skill level 4 in Fighting
  3727 | D:4      | Reached XP level 6. HP: 52/52 MP: 6/8
  3993 | D:4      | Reached * piety under Pakellas
  4122 | D:4      | Found Omnocwawn's Assorted Antiques.
  4125 | D:4      | Bought a sedimented sapphire potion for 16 gold pieces
  4125 | D:4      | Bought a scroll labeled ZEMALEEXE for 18 gold pieces
  4125 | D:4      | Bought a scroll labeled UDANNEOLAC for 18 gold pieces
  4125 | D:4      | Bought a scroll labeled WIDDAS SICYSCH for 18 gold pieces
  4125 | D:4      | Bought a fluorescent wand for 72 gold pieces
  4125 | D:4      | Bought a scroll labeled ZIWEHOIMIO for 18 gold pieces
  4159 | D:4      | Noticed Eustachio
  4213 | D:4      | Killed Eustachio
  4290 | D:4      | Found a shattered altar of Ashenzari.
  4434 | D:5      | Entered Level 5 of the Dungeon
  4470 | D:5      | Reached XP level 7. HP: 13/60 MP: 9/9
  4470 | D:5      | Your scales start taking on an icy white colour.
  4470 | D:5      | Gained mutation: Your flesh is cold resistant. [White Draconian growth]
  4872 | D:5      | Found Xax Syll's Magic Scroll Shop.
  5042 | D:5      | HP: 2/58 [poisoned by a scorpion]
  5043 | D:5      | Slain by a sky beast

Vault maps used:
D:1:      shiori_arrival_maze, hangedman_abyss_or_decor_stabs,
          hangedman_decor_riveting
D:3:      grunt_pakellas_basics, nicolae_ru_sacrificial_ziggurat, minivault_5,
          uniq_robin
D:4:      kennysheep_little_box, serial_shops, kennysheep_mini_moat,
          grunt_dithmenos_smoke, uniq_eustachio
D:5:      serial_shops, nicolae_shop_crystal, first_bread, uniq_duvessa,
          uniq_grinder, uniq_pikel

Action                   |  1- 3 |  4- 6 |  7- 9 || total
-------------------------+-------+-------+-------++-------
Melee: Whip              |   160 |    45 |       ||   205
       Rapier            |       |   188 |    32 ||   220
 Fire: Hand crossbow     |     7 |    58 |     7 ||    72
 Abil: Breathe Frost     |       |       |     4 ||     4
Evoke: Wand              |       |     1 |     4 ||     5
  Use: Potion            |       |     3 |     2 ||     5
 Stab: Distracted        |     1 |     1 |       ||     2
       Sleeping          |     2 |     3 |       ||     5
  Eat: Chunk             |     2 |     9 |       ||    11
       Bread ration      |       |       |     1 ||     1
